 Dungeon Crawl Stone Soup version 0.16.1-18-g436b03c (webtiles) character file.

248 stdrome1209 the Chopper (level 6, 0/55 HPs)
             Began as a Hill Orc Fighter on May 9, 2015.
             Was an Initiate of Beogh.
             Succumbed to an adder's poison
             ... on level 3 of the Dungeon on May 10, 2015.
             The game lasted 00:15:52 (2807 turns).

stdrome1209 the Chopper (Hill Orc Fighter)          Turns: 2807, Time: 00:15:52

Health: 0/55       AC:  7    Str: 21    XL:     6   Next: 12%
Magic:  6/6        EV:  7    Int:  8    God:    Beogh [......]
Gold:   55         SH:  9    Dex: 10    Spells: 0 memorised, 5 levels left

rFire  . . .     SeeInvis .     a - +1 war axe
rCold  . . .     Clarity  .     b - +0 scale mail
rNeg   . . .     SustAb   .     c - +0 shield
rPois  .         Gourm    .     (no helmet)
rElec  .         Spirit   .     (no cloak)
rCorr  .         Warding  .     (no gloves)
rMut   .         Stasis   .     (no boots)
MR     .....                    (no amulet)
Stlth  ..........               (no ring)
                                (no ring)

@: lethally poisoned (0 -> -15), slowed, very slow, not resistant to hostile
enchantments, extremely unstealthy
A: no striking features
a: Renounce Religion


You were on level 3 of the Dungeon.
You worshipped Beogh.
Beogh was noncommittal.
You were not hungry.

You visited 1 branch of the dungeon, and saw 4 of its levels.

You collected 55 gold pieces.

Inventory:

Hand weapons
 a - a +1 war axe (weapon)
 m - a +0 flail
 s - a +0 war axe
Missiles
 h - 61 stones (quivered)
 q - a throwing net
Armour
 b - a +0 scale mail (worn)
 c - a +0 shield (worn)
 f - a +0 pair of gloves
 k - a +0 ring mail
 p - a +0 large shield
 t - a +1 pair of boots
 u - a +0 large shield
Scrolls
 i - a scroll of immolation
 j - 2 scrolls of fear
Potions
 e - a potion of might
 n - a potion of degeneration
 o - a potion of resistance {unknown}
Comestibles
 d - a meat ration
 g - 3 beef jerkies
 w - a bread ration


   Skills:
 + Level 4.8 Fighting
 * Level 5.4 Axes
 + Level 2.1 Throwing
 + Level 4.2 Armour
 - Level 3.6 Shields


You had 5 spell levels left.
You didn't know any spells.

Dungeon Overview and Level Annotations

Branches:
Dungeon (4/15)             Temple (0/1) D:4

Altars:
Fedhas

Annotations:
D:3 EmilioHeskey's ghost, average DrBe


Message History

You block the adder's attack.
You closely miss the adder.
The adder is lightly wounded.
* * * LOW HITPOINT WARNING * * *
You feel sick. The adder bites you.
* * * LOW HITPOINT WARNING * * *
You are more poisoned.
The adder poisons you! The adder bites you. Beogh protects you from harm!
You are more poisoned.
The adder poisons you! The adder bites you but does no damage.
Unknown command.
Your shield prevents you from hitting the adder.
* * * LOW HITPOINT WARNING * * *
You feel very sick. The adder bites you but does no damage.
You block the adder's attack.
Unknown command.
You hit the adder.
The adder is moderately wounded.
You die...

. ##... #.!..
#...###. ##
#.......# #.#
#.#......
#.#####....%..!
#..@##.......).
#.##S#)>......#
#.#
#K.........# #.
#.)(....##.# #
####...##
##..)... .>.###
...# ...#


You could see an adder and a kobold.

Vanquished Creatures
  A phantom (D:4)
  A hound (D:4)
  3 adders
  3 gnolls (D:3)
  An ooze (D:1)
  4 orcs
  5 giant cockroaches
  2 goblins
  7 hobgoblins
  2 quokkas
  2 ball pythons
  8 bats
  2 giant geckos
  A giant newt (D:4)
  12 jackals
  8 kobolds
  5 rats
67 creatures vanquished.

Vanquished Creatures (others)
  An orc (D:4)
1 creature vanquished.

Grand Total: 68 creatures vanquished

Notes
Turn   | Place    | Note
--------------------------------------------------------------
     0 | D:1      | stdrome1209, the Hill Orc Fighter, began the quest for the Orb.
     0 | D:1      | Reached XP level 1. HP: 19/19 MP: 1/1
    14 | D:1      | Reached XP level 2. HP: 25/27 MP: 2/2
   189 | D:1      | Reached skill level 4 in Fighting
   632 | D:1      | Reached XP level 3. HP: 25/33 MP: 3/3
  1271 | D:2      | Found a blossoming altar of Fedhas.
  1378 | D:2      | Reached XP level 4. HP: 22/41 MP: 4/4
  1849 | D:3      | Reached skill level 1 in Throwing
  1967 | D:3      | Noticed EmilioHeskey's ghost (average DrBe)
  1998 | D:3      | HP: 2/41 [EmilioHeskey's ghost (8)]
  2255 | D:4      | Noticed a phantom
  2281 | D:4      | Killed a phantom
  2281 | D:4      | Reached skill level 5 in Axes
  2281 | D:4      | Reached XP level 5. HP: 24/47 MP: 5/5
  2289 | D:4      | Became a worshipper of Beogh the Brigand
  2360 | D:4      | Found a staircase to the Ecumenical Temple.
  2492 | D:3      | Reached XP level 6. HP: 39/55 MP: 6/6
  2805 | D:3      | Beogh protects you from harm!
  2806 | D:3      | HP: 1/55 [poisoned by an adder]
  2807 | D:3      | Succumbed to an adder's poison

Action                   |  1- 3 |  4- 6 || total
-------------------------+-------+-------++-------
Melee: War axe           |   118 |   136 ||   254
Throw: Stone             |     8 |       ||     8
Invok: Convert to Beogh  |       |     1 ||     1
  Use: Scroll            |       |     7 ||     7
       Potion            |       |     5 ||     5
  Eat: Chunk             |     2 |     3 ||     5
       Royal jelly       |       |     1 ||     1
